 Dungeon Crawl Stone Soup version 0.23.2-1-ga50397a (webtiles) character file.

Game seed: 4260758828982853525

1166 whitewolfNL the Basher (level 8, 0/73 HPs)
             Began as a Minotaur Berserker on May 29, 2019.
             Was an Elder of Trog.
             Splashed by a gnoll's acid (13 damage)
             ... on level 5 of the Dungeon.
             The game lasted 00:12:11 (4823 turns).

whitewolfNL the Basher (Minotaur Berserker)         Turns: 4823, Time: 00:12:12

Health: 0/73       AC:  3    Str: 22    XL:     8   Next: 17%
Magic:  7/7        EV: 12    Int:  4    God:    Trog [****..]
Gold:   172        SH:  0    Dex: 12    Spells: 7/7 levels left

rFire    . . .     SeeInvis .   F - +0 flail
rCold    . . .     Gourm    .   (no shield)
rNeg     . . .     Faith    .   k - +0 leather armour (curse)
rPois    .         Spirit   .   (helmet restricted)
rElec    .         Reflect  .   (no cloak)
rCorr    .         Harm     .   (no gloves)
MR       +....                  (no boots)
Stlth    +.........             (no amulet)
HPRegen  0.22/turn              D - ring of protection from magic
MPRegen  0.10/turn              (no ring)

@: berserk cooldown, slowed, very slow
A: retaliatory headbutt, horns 2
a: Berserk, Trog's Hand, Brothers in Arms, Renounce Religion


You were on level 5 of the Dungeon.
You worshipped Trog.
Trog was greatly pleased with you.
You were hungry.

You visited 1 branch of the dungeon, and saw 5 of its levels.
You also visited: Sewer.

You collected 172 gold pieces.

Inventory:

Hand Weapons
 a - a +0 mace
 B - a +1 whip of electrocution
 F - a +0 flail (weapon)
Missiles
 d - 49 sling bullets
 e - 3 needles of confusion
 h - 80 bolts
 i - 60 arrows
 j - 99 stones (quivered)
 v - 28 poisoned needles
 C - 12 tomahawks
Armour
 b - a +0 animal skin
 k - a cursed +0 leather armour (worn)
 E - a +0 chain mail
Jewellery
 D - a ring of protection from magic (left hand)
Wands
 o - a wand of paralysis (5)
Scrolls
 l - a scroll of enchant armour {unknown}
 m - 2 scrolls of fear {unknown}
 n - 5 scrolls of teleportation
 p - a scroll of enchant weapon {unknown}
 w - 2 scrolls of remove curse
 x - 2 scrolls of blinking {unknown}
 y - a scroll of noise {unknown}
 A - 2 scrolls of amnesia {unknown}
 H - a scroll of fog {unknown}
Potions
 f - a potion of magic {unknown}
 g - a potion of invisibility {unknown}
 q - a potion of might {unknown}
 r - 2 potions of resistance {unknown}
 t - a potion of mutation {unknown}
 u - 3 potions of curing
 z - a potion of brilliance {unknown}
 G - 3 potions of haste
Comestibles
 c - 7 rations
 s - 6 chunks of flesh


   Skills:
 + Level 7.5 Fighting
 * Level 9.8 Maces & Flails
 + Level 1.3 Throwing
 - Level 2.4 Armour
 - Level 2.1 Dodging
 + Level 1.2 Evocations


You had 7 spell levels left.
You didn't know any spells.
Your spell library was empty.

Dungeon Overview and Level Annotations

Branches:
Dungeon (5/15)
 Temple: D:4-7

Altars:
Ashenzari
Cheibriados
Fedhas


Innate Abilities, Weirdness & Mutations

You reflexively headbutt those who attack you in melee.
You have a pair of horns on your head.


Message History

The gnoll is almost dead.
The orc wizard hits you with a +0 dagger. x2
An orc priest comes into view. It is wielding a -2 whip.
The gnoll hits you with a +0 whip.
You barely miss the gnoll.
The gnoll is almost dead.
The orc wizard closely misses you.
The orc wizard hits you with a +0 dagger.
The gnoll hits you with a +0 whip.
An orc comes into view. It is wielding a +0 dagger.
A gnoll comes into view. It is wielding a +0 spear.
You're still recovering from your berserk rage.
You sock the gnoll!
You kill the gnoll!
Trog accepts your kill.
The orc wizard hits you but does no damage.
The gnoll zaps a wand.
The bolt of acid hits you!
* * * LOW HITPOINT WARNING * * *
You are splashed with acid!
You die...

#####. .# #.. .. .# #.#
#. .# #.# #.#####.## #.#
#........# #####.#
#.....#
.###.....####....o#.###
.......<...รท.g.)@)o...#
..........g########o#.#
.#########.# #)# #.# .#.
## ##


You could see an orc priest, an orc wizard, 2 gnolls and an orc.

Vanquished Creatures
  A phantom (D:5)
  A centaur (D:2)
  An ogre (D:4)
  Blork the orc (D:4)
  2 scorpions (D:4)
  A water moccasin skeleton (D:5)
  2 howler monkeys
  A hound (D:5)
  A gnoll shaman (D:5)
  2 jellies (D:3)
  Jessica (D:2)
  Natasha (thrice) (D:2)
  A worker ant (D:4)
  3 iguanas
  A hound skeleton (D:4)
  6 river rats
  5 adders
  3 gnolls (D:5)
  A shadow imp (D:5)
  12 oozes (D:3)
  2 worms
  3 leopard geckos
  An orc (D:3)
  2 giant cockroaches
  2 goblins (D:1)
  10 hobgoblins
  11 jackals
  4 quokkas
  8 ball pythons
  5 bats
  11 frilled lizards
  13 kobolds
  24 rats
145 creatures vanquished.

Vanquished Creatures (others)
  A fungus (D:3)
  13 toadstools (D:3)
14 creatures vanquished.

Grand Total: 159 creatures vanquished

Notes
Turn   | Place    | Note
-------+----------+-------------------------------------------
     0 | D:1      | whitewolfNL the Minotaur Berserker began the quest for the
                  | Orb.
     0 | D:1      | Reached XP level 1. HP: 19/19 MP: 0/0
   112 | D:1      | Reached skill level 4 in Maces & Flails
   216 | D:1      | Found a shattered altar of Ashenzari.
   366 | D:1      | Reached XP level 2. HP: 23/27 MP: 1/1
  1380 | D:2      | Noticed Jessica
  1386 | D:2      | Killed Jessica
  1386 | D:2      | Reached skill level 5 in Maces & Flails
  1386 | D:2      | Reached XP level 3. HP: 31/34 MP: 2/2
  1524 | D:2      | Noticed Natasha
  1528 | D:2      | Killed Natasha
  1528 | D:2      | Reached XP level 4. HP: 37/41 MP: 3/3
  1702 | D:2      | Reached ** piety under Trog
  1763 | D:2      | Noticed Natasha
  1771 | D:2      | Killed Natasha
  1880 | D:2      | Reached skill level 6 in Maces & Flails
  1926 | D:2      | Noticed Natasha
  1933 | D:2      | Killed Natasha
  1933 | D:2      | Reached skill level 5 in Fighting
  1933 | D:2      | Reached XP level 5. HP: 41/48 MP: 4/4
  2123 | D:2      | Noticed a centaur
  2126 | D:2      | Killed a centaur
  2337 | D:3      | Reached skill level 7 in Maces & Flails
  2337 | D:3      | Reached XP level 6. HP: 56/56 MP: 5/5
  2787 | D:3      | Reached *** piety under Trog
  3013 | D:3      | Found a snail-covered altar of Cheibriados.
  3187 | D:3      | Found a blossoming altar of Fedhas.
  3410 | D:4      | Reached skill level 8 in Maces & Flails
  3442 | D:4      | Reached XP level 7. HP: 40/63 MP: 6/6
  3727 | D:4      | Noticed Blork the orc
  3735 | D:4      | Killed Blork the orc
  3735 | D:4      | Reached skill level 9 in Maces & Flails
  3879 | D:4      | Found a glowing drain.
  3883 | Sewer    | Entered a sewer
  4187 | Sewer    | Reached **** piety under Trog
  4772 | D:5      | Entered Level 5 of the Dungeon
  4779 | D:5      | Reached XP level 8. HP: 73/73 MP: 7/7
  4787 | D:5      | Reached skill level 1 in Throwing
  4793 | D:5      | Reached skill level 1 in Evocations
  4823 | D:5      | Splashed by a gnoll's acid

Skill      XL: |  1  2  3  4  5  6  7  8 |
---------------+-------------------------+-----
Maces & Flails | 4 5 6 7 8 9 |  9.8
Fighting       | 4 5 6 7 |  7.5
Throwing       | 1 |  1.3
Evocations     | 1 |  1.2
Armour         | |  2.4
Dodging        | |  2.1

Action                   |  1- 3 |  4- 6 |  7- 9 || total
-------------------------+-------+-------+-------++-------
Melee: Mace              |    59 |   142 |    20 ||   221
       Headbutt          |     2 |    28 |    20 ||    50
       Flail             |       |       |    91 ||    91
Invok: Berserk           |       |     2 |     3 ||     5
  Use: Scroll            |       |       |     4 ||     4
 Stab: Sleeping          |     1 |       |       ||     1
  Eat: Chunk             |     2 |     4 |     7 ||    13
       Ration            |       |     1 |       ||     1
Armor: Animal skin       |     4 |       |       ||     4
       Leather armour    |     7 |    23 |    10 ||    40
Dodge: Dodged            |    36 |   103 |    57 ||   196
